Cogmind - Beta 11 @@@ ROGUE MODE // 2022.04.09 @ 21:13:31 Player: Red Box Result: Destroyed by as-72682 with Assembled F-torch Performance ------------- Evolutions (0) 0 Regions Visited (2) 400 Robots Destroyed (18) 90 Value Destroyed (519) 519 Prototype IDs (3) 60 Alien Tech Used (0) 0 Bonus (0) 0 TOTAL SCORE: 1069 Bonus ------- None Cogmind --------- Core Integrity 0/250 Matter 266/300 Energy 40/100 System Corruption 0% Temperature Cool (20) Movement Rolling (90) Location -10/Mines Parts ------- > --- POWER (1) -------- (None) > --- PROPULSION (2) --- Wheel Compact Wheel > --- UTILITY (2) ------ Improved Heat Sink Large Storage Unit > --- WEAPON (2) ------- (None) > --- INVENTORY (15) --- Wheel Wheel Improved Heat Sink Large Storage Unit High-capacity Storage Unit Improved Terrain Scanner ECM Suite EM Pulse Gun EM Pulse Gun Medium Laser Mining Laser Peak State ------------ > --- POWER ------------ Ion Engine > --- PROPULSION ------- Wheel Compact Wheel > --- UTILITY ---------- Improved Heat Sink Large Storage Unit > --- WEAPON ----------- Medium Laser Medium Laser > --- INVENTORY -------- Compact Wheel Large Storage Unit High-capacity Storage Unit Improved Terrain Scanner ECM Suite EM Pulse Gun EM Pulse Gun EM Pulse Gun EM Pulse Gun Beam Cannon Mining Laser [Rating: 10] Favorites ----------- Power Ion Engine Engine Ion Engine Propulsion Wheel Leg Aluminum Leg Wheel Wheel Utility Heat Sink Device Heat Sink Storage Large Storage Unit Weapon Medium Laser Energy Gun Medium Laser Energy Cannon Beam Cannon Ballistic Gun Light Assault Rifle Ballistic Cannon Light Cannon Build | -11 -10 -10 ------- Run | Scr Mat Min Slots Evolved . | . . . Power . | . . . Propulsion . | . . . Utility . | . . . Weapon . | . . . Parts Attached 31 | 7 16 8 Power 3 | 1 2 . Engine 3 | 1 2 . Core . | . . . Reactor . | . . . Propulsion 8 | 2 3 3 Treads . | . . . Leg 2 | 2 . . Wheel 6 | . 3 3 Hover . | . . . Flight . | . . . Utility 9 | 2 7 . Device 5 | 1 4 . Storage 4 | 1 3 . Processor . | . . . Hackware . | . . . Protection . | . . . Artifact . | . . . Weapon 11 | 2 4 5 Energy Gun 6 | . 3 3 Energy Cannon 1 | . . 1 Ballistic Gun 3 | 2 1 . Ballistic Cannon 1 | . . 1 Launcher . | . . . Special Weapon . | . . . Impact Weapon . | . . . Slashing Weapon . | . . . Piercing Weapon . | . . . Special Melee Weapon . | . . . Unidentified Prototypes . | . . . Parts Lost 10 | . 2 8 Power 2 | . 1 1 Propulsion 3 | . 1 2 Utility . | . . . Weapon 5 | . . 5 Highest Loss Streak 7 | . 2 7 To Critical Strikes . | . . . Average Slot Usage (%) 97 | . 99 87 Engine 13 | . 13 9 Leg 3 | . 4 . Wheel 23 | . 23 24 Device 14 | . 14 14 Storage 14 | . 14 14 Energy Gun 26 | . 27 18 Naked Turns . | . . . Heaviest Build 31 | 11 31 31 Greatest Support 32 | 20 26 32 Greatest Overweight (x) 2 | . 2 1 Average Overweight (x) . | . . . Largest Inventory Capacity 15 | 8 15 15 Average Capacity 12 | 6 12 15 Most Carried 15 | 8 14 15 Average Carried 10 | 4 9 14 Final Capacity 15 | 8 15 15 Final Carried 14 | 8 14 11 Class Distribution -------------------- 89% | Mutant 11% | Scavenger-Mutant Dominant Class ---------------- Mutant | -10/Materials Mutant | -10/Mines Resources | -11 -10 -10 ----------- Run | Scr Mat Min Matter Collected 460 | 272 144 44 Remotely . | . . . Salvage Created 732 | 21 595 116 Parts 31 | 5 20 6 Haulers Intercepted 2 | . 2 . Recyclers Shooed 1 | 1 . . Parts Field Recycled . | . . . Retrieved Matter . | . . . Parts Self-Destructed . | . . . Prevented . | . . . Kills | -11 -10 -10 ------- Run | Scr Mat Min Combat Hostiles Destroyed 15 | . 10 5 Guns 12 | . 10 2 Cannons 3 | . . 3 Classes Destroyed 5 | 1 3 1 Tunneler 1 | 1 . . Hauler 2 | . 2 . Watcher 3 | . 3 . Grunt 12 | . 10 2 Assembled 3 | . . 3 Best Kill Streak 3 | 1 3 3 Combat Bots Only 3 | . 2 3 Max Kills in Single Turn 2 | 1 1 2 Gunslinging . | . . . Exploded . | . . . Melee . | . . . Uniques/NPCs Destroyed . | . . . Combat | -11 -10 -10 -------- Run | Scr Mat Min Damage Taken 1183 | . 522 661 Core 254 | . 128 126 Absorbed by Shields . | . . . Regen/Repaired (Parts) 81 | . 81 . Core Remaining (%) 100 | 100 . . Volleys Fired 73 | 2 55 16 Largest 2 | 2 2 2 Hottest 100 | 40 100 100 Shots Fired 146 | 4 110 32 Gun 132 | 4 110 18 Cannon 14 | . . 14 Launcher . | . . . Special . | . . . Kinetic 13 | 4 2 7 Thermal 133 | . 108 25 Explosive . | . . . Electromagnetic . | . . . Robot Hit Streak 15 | 3 15 7 Robot Miss Streak 4 | . 4 3 Penetration Max . | . . . Secondary Targets 3 | . 2 1 Max Gunslinging Chain 1 | . 1 1 Shots Hit Robots 98 | 3 74 21 Core Hits 44 | 2 31 11 Critical Kills . | . . . Critical Parts Destroyed . | . . . Critical Strikes 9 | . 8 1 Burn 9 | . 8 1 Melee Attacks . | . . . Impact . | . . . Slashing . | . . . Piercing . | . . . Sneak Attacks . | . . . Combat Hostiles . | . . . Follow-up Attacks . | . . . Damage Inflicted 1327 | 26 943 358 Guns 1132 | 26 943 163 Cannons 195 | . . 195 Explosions . | . . . Melee . | . . . Ramming . | . . . Kinetic 134 | 26 . 108 Thermal 1193 | . 943 250 Explosive . | . . . Electromagnetic . | . . . Impact . | . . . Slashing . | . . . Piercing . | . . . Highest Corruption . | . . . Average Corruption . | . . . Corruption Purged . | . . . Corruption Blocked . | . . . Overload Shots . | . . . Overflow Damage 2 | . . 2 Projectiles 2 | . . 2 Explosions . | . . . Melee . | . . . Knockbacks 4 | . . 4 Impact . | . . . Kinetic 3 | . . 3 Secondary 1 | . . 1 Self-Inflicted Damage . | . . . Shots . | . . . Rammed . | . . . Targets Rammed . | . . . Kicked . | . . . Crushed . | . . . Highest Temperature 135 | . 135 37 Average Temperature 42 | . 45 21 Received Heat Transfer 554 | . 297 257 Siege Activations . | . . . Robots Corrupted . | . . . Combat Hostiles . | . . . Parts Fried . | . . . Impact Corruptions 1 | . . 1 Robots Melted . | . . . Combat Hostiles . | . . . Parts Melted 6 | . 6 . Heat Transferred 4107 | . 3367 740 Parts Sabotaged . | . . . Parts Stolen . | . . . Parts Stripped . | . . . Power Chain Reactions . | . . . Missiles Intercepted . | . . . Alert | -11 -10 -10 ------- Run | Scr Mat Min Peak Influence 194 | 5 194 55 Initial 3 | . 3 . Average 52 | 2 57 35 Maximum Alert Level . | . . . Low Security (%) 100 | 100 100 100 Level 1 . | . . . Level 2 . | . . . Level 3 . | . . . Level 4 . | . . . Level 5 . | . . . High Security . | . . . Max Security . | . . . Squads Dispatched 3 | . 3 . Investigation 1 | . 1 . Extermination . | . . . Reinforcement 2 | . 2 . Assault . | . . . Garrison . | . . . Intercept . | . . . Searches Triggered . | . . . Construction Impeded . | . . . Haulers Reinforced . | . . . Active Scanning Responses . | . . . Cargo Convoy Interrupts . | . . . Stealth | -11 -10 -10 --------- Run | Scr Mat Min Distress Signals 2 | . 2 . Communications Jammed . | . . . Distress Signals . | . . . Times Spotted 38 | . 22 16 Peak Tracking Total 10 | . 3 10 Tactical Retreats 4 | . 3 1 Traps | -11 -10 -10 ------- Run | Scr Mat Min Traps Triggered 2 | . 2 . Indirectly . | . . . Trap Hack Attempts . | . . . Triggered . | . . . Disarmed 6 | . 6 . Reprogrammed . | . . . Reused . | . . . Traps Extracted . | . . . Installed . | . . . Triggered . | . . . Machines | -11 -10 -10 ---------- Run | Scr Mat Min Machines Disabled . | . . . Max in Single Turn . | . . . Machines Sabotaged . | . . . Garrisons Compromised . | . . . Overloaded Fab Kills . | . . . Hacking | -11 -10 -10 --------- Run | Scr Mat Min Machines Accessed 8 | . 8 . Terminals 7 | . 7 . Fabricators . | . . . Repair Stations 1 | . 1 . Recycling Units . | . . . Scanalyzers . | . . . Garrison Access . | . . . Total Hacks 34 | . 34 . Successful 19 | . 19 . Failed 14 | . 14 . Catastrophic . | . . . Database Lockouts 1 | . 1 . Manual 15 | . 15 . Terminals 30 | . 30 . Fabricators . | . . . Repair Stations 4 | . 4 . Recycling Units . | . . . Scanalyzers . | . . . Garrison Access . | . . . Terminal Hacks 11 | . 11 . Robot Analysis 3 | . 3 . Prototype ID Bank 2 | . 2 . Unreport Threat 1 | . 1 . Locate Traps 2 | . 2 . Disarm Traps 1 | . 1 . Recall Investigation 1 | . 1 . Recall Reinforcements 1 | . 1 . Fabricator Hacks . | . . . Repair Station Hacks 4 | . 4 . Scan Component 2 | . 2 . Repair 2 | . 2 . Recycling Unit Hacks . | . . . Scanalyzer . | . . . Garrison Access Hacks . | . . . Unauthorized Hacks 4 | . 4 . Terminals 4 | . 4 . Botnet 3 | . 3 . Operators 1 | . 1 . Fabricators . | . . . Repair Stations . | . . . Recycling Units . | . . . Scanalyzers . | . . . Garrison Access . | . . . Data Cores Recovered . | . . . Used . | . . . Hacking Detections 8 | . 8 . Full Trace Events . | . . . Feedback Events . | . . . Feedback Blocked . | . . . Robot Schematics Acquired . | . . . Robots Built . | . . . Authchips . | . . . Time . | . . . Total Robot Build Rating . | . . . Part Schematics Acquired . | . . . Parts Built . | . . . Authchips . | . . . Time . | . . . Total Part Build Rating . | . . . Parts Repaired 2 | . 2 . Time 64 | . 64 . Parts Recycled . | . . . Recycled Matter . | . . . Retrieved Matter . | . . . Retrieved Components . | . . . Parts Scanalyzed . | . . . Part Schematics Acquired . | . . . Parts Damaged . | . . . Bothacking | -11 -10 -10 ------------ Run | Scr Mat Min Used RIF Installer . | . . . Robots Hacked . | . . . Non-combat . | . . . Combat . | . . . Robot Hacks Applied . | . . . Relay Couplers Released . | . . . Fabnet Peak Effective % . | . . . Robots Rewired . | . . . Allies Hacked . | . . . Hacks Repelled . | . . . Allies | -11 -10 -10 -------- Run | Scr Mat Min Total Allies 3 | . . 3 Largest Group 3 | . . 3 Highest-Rated Group 40 | . . 40 Highest-Rated Ally 16 | . . 16 Total Orders 1 | . . 1 STAY 1 | . . 1 Ally Attacks 10 | . . 10 Total Damage 63 | . . 63 Kills 1 | . . 1 Allies Corrupted 1 | . . 1 Allies Melted . | . . . Intel | -11 -10 -10 ------- Run | Scr Mat Min Robot Analysis Total 3 | . 3 . Derelict Logs Recovered . | . . . Drone Launches . | . . . Drone Recoveries . | . . . Exploration | -11 -10 -10 ------------- Run | Scr Mat Min Turns Passed 1519 | 92 1289 138 Spaces Moved 988 | 63 848 77 Core 10 | 10 . . Treads . | . . . Legs 151 | 53 98 . Wheels 827 | . 750 77 Hover . | . . . Flight . | . . . Fastest Speed 50 | 50 80 90 Average Speed 98 | 108 97 100 Slowest Speed 120 | 120 120 115 Overloaded Moves . | . . . Propulsion Burnouts . | . . . Robots Hopped . | . . . Cave-ins Triggered . | . . . Exploration Rate (%) 41 | 4 92 27 Regions Visited 2 Branch Regions 1 Pre-discovered Areas . | . . . Known Exits Taken . | . . . Unknown Exits Taken 2 | 1 1 . Scrap Searched 1 | . . 1 Spaces Dug . | . . . Terrain Destroyed . | . . . Melee . | . . . Projectile . | . . . AOE . | . . . Terrain Rammed . | . . . Walls Destroyed . | . . . Machines Disabled . | . . . Actions | -11 -10 -10 --------- Run | Scr Mat Min Total 1384 | 79 1201 104 Wait 251 | . 251 . Move 986 | 62 847 77 Hop . | . . . Pick Up 28 | 8 18 2 Fast Attach 11 | 7 3 1 Attach 9 | . 4 5 Detach . | . . . Swap 11 | . 9 2 Drop 15 | . 14 1 Fire 73 | 2 55 16 Melee . | . . . Ram . | . . . Kick . | . . . Crush . | . . . Escape Stasis . | . . . Rewire . | . . . Trap . | . . . Miscellaneous . | . . . Route ------- -11/Scrapyard -10/Materials (discovered 3 exits: [*Mat x2] / [*Min]) -10/Mines History --------- Turn | Location | Event 3 | -11/Scrapyard | Discovered new exit (range 15) 93 | -11/Scrapyard | Entered Materials 306 | -10/Materials | Build established: Mutant 370 | -10/Materials | Discovered new exit (range 16) 450 | -10/Materials | Repaired Med. Laser 582 | -10/Materials | Discovered new exit (range 14) 759 | -10/Materials | Discovered new exit (range 11) 767 | -10/Materials | Central database locked down 910 | -10/Materials | Core integrity fell below 50% 1244 | -10/Materials | Repaired Imp. Heat Sink 1382 | -10/Materials | Entered Mines 1436 | -10/Mines | Assisted by bots powering up and referring to "LRC-V3" 1464 | -10/Mines | Assembled infested the area 1508 | -10/Mines | Core integrity fell below 20% 1520 | -10/Mines | Destroyed by as-72682 with Assembled F-torch Last Messages --------------- generally destroying stuff raised the alert level high enough to trigger assault squads over in the main complex, and they later decided the best way to defend their interests would be to start expanding in this direction." 01488_ Mercenary 1a system terminally corrupted. 01490_ Trooper 1b destroyed. 01493_ as-19617 knocked back. 01493_ Destroyed Asb. Hover Unit. 01493_ as-98910 system corrupted by crushing effect. 01494_ as-98910 system terminally corrupted. 01496_ Trooper 1a destroyed. 01496_ as-19617 destroyed. 01496_ as-09633 destroyed. 01499_ Critical hit (Burn: +80). 01501_ as-61725 knocked back. 01507_ as-61725 destroyed. 01508_ Com. Wheel destroyed. 01508_ Lgt. Cannon destroyed. 01511_ Beam Cannon destroyed. 01511_ EM Pulse Gun destroyed. Map ----- +----------------------------------------------------+ | ?????????????????????????????????????????????????? | | ?????????????????????????????????????????????????? | | ?????????????????????????????????????????????????? | | ?????????????????????????????????????????????????? | | ?????????????????????????????????????????????????? | | ?????????????????????????????????????????????????? | | ?????????????????????????????????????????????????? | | ?????????????????????????????????????????????????? | | ?????????????????????????????????????????????????? | | ?????????????????????????????????????????????????? | | ?????????????????????????????????????????????????? | | ????????????????????? ????? #???????????????????? | | ????????????????????# ???? #???????????????????? | | ???????????????????##g #??? $#???????????????????? | | ???????????????????? #?? #???????????????????? | | ????????????????????g #? ##??????????????????? | | ????????????????????? # ???????????????????? | | ????????????????????? ???????????????????? | | ?????????????????????? ????????????????????? | | ?????????????????????? ????????????????????? | | ??????????????????????? ?????????????????????? | | ????????????????#?????? ?????????????????????? | | ????????????????# ##### ??????????????????????? | | ????????????????#$ $ ??????????????????????? | | ???????????????????? #??????????????????????? | | ???????????????????????# @#??????????????????????? | | ???????????????????????# #??????????????????????? | | ???????????????????????# #??????????????????????? | | ???????????????????????#aa#??????????????????????? | | ???????????????????????# #??????????????????????? | | ???????????????????????# #??????????????????????? | | ???????????????????###?# #??????????????????????? | | ??????????????????## ##aa#??????????????????????? | | ????????????# ##### # ##?????????????????????? | | ????????????# %% #?????????????????????? | | ?????????????????### a% #?????????????????????? | | ???????????????????## % ##?????????????????????? | | ???????????????####?#### %#??????????????????????? | | ??????????????## ##???#* #??????????????????????? | | ??????????????# ##??#[%#??????????????????????? | | ?????????????## ##?#%=######### ???????? | | ?????????##### #?#=[% % ???????? | | ????????## ###!%[ ???????? | | ????????# ###%######## ???????? | | ???????## ## #?#[#???????????? ????????? | | ?????### ##### ##?#%#??????????????????????? | | ###### ##???### #??#=#??????????????????????? | | # ##??????# #??#=#??????????????????????? | | # ##???????# #??#!#??????????????????????? | | # ########## #### #??????????????????????? | +----------------------------------------------------+ Best States ------------- Heat Dissipation 39 Energy Generation 10 Energy Capacity 250 Matter Stores 300 Matter Capacity 300 Sight Range 16 Terrain Scan Range 16 Terrain Scan Density 10 ECM Strength 1 Evasion (%) 55 Item Schematics ----------------- None Robot Schematics ------------------ None Fabricated ------------ Nothing Alien Tech Used ----------------- None Achievements -------------- None Challenges ------------ None Game ------ Seed ProtonFocalMicroactuators Manual? 0 Play Time 00:14:43 Cumulative 264.6 hours Start 2022.04.09 @ 20:57:22 End 2022.04.09 @ 21:13:31 Sessions 1 Manual Loads 0 Difficulty Rogue Special Mode None Game No. 224 Rogue 224 Adventurer 0 Explorer 0 Win Type - Total 0 Types 0/0/0/0/0/0/0/0/0 Lore% 51 Gallery% 58 Achievement% 42 Wizard Run 0 Options --------- ASCII 0 Keyboard 0 Movement Mouse Keybinds 0 Fullscreen 1 Font 16/SmallcapsGlow Map View 75x55 Tactical HUD 1 Map Filters NONE Filters NONE Steam 1 RUN: 27f4ab4e-1570-4b61-812f-41323538d701